 Dungeon Crawl Stone Soup version 0.20-a0-1101-g1de9d76 (webtiles) character file.

153 Kurtz the Chopper (level 5, 40/46 HPs)
             Began as a Draconian Fighter on May 4, 2017.
             Was a Follower of Trog.
             Quit the game on level 3 of the Dungeon.
             The game lasted 00:02:58 (2493 turns).

Kurtz the Chopper (Draconian Fighter)               Turns: 2493, Time: 00:02:58

Health: 40/46      AC:  5    Str: 18    XL:     5   Next: 12%
Magic:  5/5        EV: 12    Int: 12    God:    Trog [*.....]
Gold:   166        SH:  0    Dex: 11    Spells: 4/4 levels left

rFire    . . .     SeeInvis .   a - +0 war axe
rCold    . . .     Gourm    .   (no shield)
rNeg     . . .     Faith    .   (armour unavailable)
rPois    .         Spirit   .   (helmet restricted)
rElec    .         Reflect  .   t - scarf {repulsion}
rCorr    .         Harm     .   (no gloves)
MR       +....                  (no boots)
Stlth    +.........             h - amulet of rage
Regen    0.2/turn               e - +3 ring of intelligence
MPRegen  0.1/turn               s - ring of protection from magic

@: repel missiles
A: unfitting armour, cold-blooded, AC +5
a: Berserk, Burn Spellbooks, Renounce Religion, Evoke Berserk Rage


You were on level 3 of the Dungeon.
You worshipped Trog.
Trog was aware of your devotion.
You were not hungry.

You visited 1 branch of the dungeon, and saw 3 of its levels.

You collected 166 gold pieces.

Inventory:

Hand Weapons
 a - a +0 war axe (weapon)
Armour
 t - a scarf of repulsion (worn)
Jewellery
 e - a +3 ring of intelligence (left hand)
 h - an amulet of rage (around neck)
 n - a +3 ring of intelligence
 q - an uncursed amulet of faith
 s - a ring of protection from magic (right hand)
Wands
 o - a wand of disintegration (8/24)
Scrolls
 f - a scroll of immolation {unknown}
 i - 4 scrolls of identify {unknown}
 j - 3 scrolls of enchant weapon {unknown}
 k - 3 scrolls of recharging {unknown}
 l - 5 scrolls of teleportation {unknown}
 m - a scroll of random uselessness {unknown}
 p - 3 scrolls of amnesia {unknown}
 v - a scroll of blinking {unknown}
 w - a scroll of magic mapping {unknown}
Potions
 b - 4 potions of mutation {unknown}
 c - 2 potions of might
 u - 2 potions of curing {unknown}
Comestibles
 d - 2 bread rations
 r - a royal jelly


   Skills:
 + Level 4.0 Fighting
 * Level 4.4 Axes
 - Level 2.7 Dodging
 * Level 1.1 Stealth
   Level 3.0 Shields
 * Level 1.1 Evocations


You had 4 spell levels left.
You didn't know any spells.

Dungeon Overview and Level Annotations

Branches:
Dungeon (3/15)

Altars:
Hepliaklqana
Trog


Innate Abilities, Weirdness & Mutations

Your plain brown scales are hard. (AC +5)
You cannot fit into any form of body armour.
You are cold-blooded and may be slowed by cold attacks.


Message History

A kobold comes into view.
The kobold shouts!
The kobold throws a stone.
The stone barely misses you.
You hear a splash.
You see here a stone.
The kobold throws a stone.
The stone is repelled.
You hear a splash.
The kobold throws a stone.
The stone completely misses you.
You see here a stone.
The kobold throws a stone.
The stone is repelled.
You see here a stone.
There is a faded altar of an unknown god here.
You cannot tell which god this altar belongs to.
Convert to them anyway?
Trog accepts your prayer! Trog welcomes you!
You can now call upon Trog to burn spellbooks in your surroundings.
You can now go berserk at will.
Unknown command.
Press < or > to pray at altars.
Are you sure you want to abandon this character and quit the game? (Confirm with "yes".)

# ######## #
#......#########
#########.≈≈≈≈...≈≈..≈.#
...........≈≈≈.≈.≈..≈≈.#
##########..≈≈≈≈≈≈≈≈K..#
# #..≈≈≈(≈≈≈≈≈≈≈# #
######.≈≈≈≈(≈≈≈≈≈≈.# #
#.......≈≈≈≈(♣.≈≈≈≈.# #
#.#####≈≈≈≈≈.@.≈≈≈..# #
#.#......≈≈≈.♣≈≈≈≈..# #
#.#(###≈.≈≈≈≈≈≈≈≈≈≈.# #
#.#.# #..≈≈≈≈≈≈≈≈≈..# #
#.#.###.≈≈≈≈≈≈≈≈≈≈≈.# #
#.#...#.≈≈≈≈.≈≈.≈≈.≈# #
#........≈≈.≈......≈# #
#..#####.##.######### #
#..# #.# .#


You could see a kobold.

Vanquished Creatures
  A bullfrog zombie (D:3)
  5 adders
  A worm (D:2)
  2 dart slugs
  2 leopard geckos
  An orc (D:3)
  7 giant cockroaches
  7 hobgoblins
  8 kobolds
  A ball python (D:1)
  4 bats
  5 frilled lizards
  14 goblins
  4 rats
62 creatures vanquished.

Notes
Turn   | Place    | Note
-------+----------+-------------------------------------------
     0 | D:1      | Kurtz the Draconian Fighter began the quest for the Orb.
     0 | D:1      | Reached XP level 1. HP: 19/19 MP: 1/1
   237 | D:1      | Reached XP level 2. HP: 20/27 MP: 2/2
   913 | D:2      | Reached XP level 3. HP: 29/33 MP: 3/3
  1212 | D:2      | Found a hazy altar of Hepliaklqana.
  1307 | D:2      | Reached XP level 4. HP: 29/40 MP: 4/4
  2004 | D:3      | Noticed a sky beast
  2136 | D:3      | Reached skill level 1 in Evocations
  2462 | D:3      | Found a faded altar of an unknown god.
  2472 | D:3      | Reached skill level 1 in Stealth
  2472 | D:3      | Reached XP level 5. HP: 36/46 MP: 5/5
  2492 | D:3      | Became a worshipper of Trog the Wrathful
  2492 | D:3      | Reached * piety under Trog
  2493 | D:3      | Quit the game

Vault maps used:
D:1:      minmay_arrival_up_and_down
D:2:      lemuel_doored_altar, first_bread, minmay_pentomino_v2
D:3:      chequers_ecumenical_altar_island, lightli_corner_chamber

Skill      XL: |  1  2  3  4 |
---------------+-------------+-----
Axes           | 3 4 |  4.4
Evocations     | 1 |  1.1
Fighting       | 4 |  4.0
Stealth        | 1 |  1.1
Dodging        | |  2.7
Shields        | |  3.0

Action                   |  1- 3 |  4- 6 || total
-------------------------+-------+-------++-------
Melee: War axe           |   114 |    80 ||   194
       Tailslap          |     6 |     5 ||    11
 Abil: Evoke Berserk Rag |     1 |       ||     1
 Stab: Distracted        |     1 |       ||     1
       Sleeping          |       |     1 ||     1
  Eat: Chunk             |     3 |     3 ||     6
Armor: Skin              |    39 |    25 ||    64
Dodge: Dodged            |    86 |    68 ||   154
       Deflected         |       |     3 ||     3
